 Dungeon Crawl Stone Soup version 0.31-a0-1597-ge7908ec95f (webtiles) character file.

Game seed: 11182880548094005090

2033651 PlayingRandomsOnly the Peltast (level 25, 170/170 HPs)
             Began as a Human Cinder Acolyte on Jan 7, 2024.
             Was the Champion of Jiyva.
             Escaped with the Orb
             ... and 3 runes
             ... and 1 gem!
             The game lasted 05:14:26 (48761 turns).

PlayingRandomsOnly the Peltast (HuCA)              Turns: 48761, Time: 05:14:27

Health: 170/170    AC: 40    Str: 26    XL:     25   Next: 25%
Magic:  33/33      EV: 16    Int: 14    God:    Jiyva [******]
Gold:   421        SH: 31    Dex: 22    Spells: 19/26 levels left

rFire   + + .        b - +7 rapier (speed)
rCold   + + .        w - +7 tower shield of Tidghex {Dex+5 Stlth-}
rNeg    + + .        g - +9 gold dragon scales
rPois   +            r - +2 helmet "Qipted" {Will+}
rElec   .            V - +1 cloak of the Hippogriff {Fly Stlth+}
rCorr   +            j - +2 pair of gloves
SInv    .            Z - +1 pair of boots of Eluedino {rF+ rC- MP+9}
Will    ++...        P - macabre finger necklace {Finger+ rN+} Stlth
                     I - ring of protection from fire
HPRegen 2.08/turn    o - ring of Nyduduh {rPois rC++ rN+ Int-3 Slay+4}
MPRegen 1.03/turn    Y - +4 ring of slaying

%: no passive effects
@: flying, studying Necromancy
A: explore regen, claws 1, hooves 1, iridescent scales 1, thin skeletal
structure 2, agile 1, clever 1, frail 2, sense surroundings 3, strong 1,
gelatinous body 3, pseudopods 1, jelly sensing items, heat vulnerability 1,
engulf
0: Orb of Zot
}: 3/15 runes: serpentine, barnacled, slimy
a: Renounce Religion, Oozemancy, Slimify


You escaped.
You worshipped Jiyva.
Jiyva was exalted by your worship.
You visited 10 branches of the dungeon, and saw 48 of its levels.
You also visited: Sewer, Gauntlet and Ice Cave.

You collected 3700 gold pieces.
You spent 3279 gold pieces at shops.

Inventory:

Hand Weapons
 a - the +9 short sword "Jeurr" {holy, rC+ MP+9 Str-2}
   (You found it on level 2 of the Dungeon)

   Str-2:     It affects your strength (-2).
   rC+:       It protects you from cold.
   MP+9:      It affects your magic capacity (+9).
 b - a +7 rapier of speed (weapon)
Missiles
 f - 11 atropa-tipped darts
 l - 6 datura-tipped darts
 v - 3 javelins
 z - 31 boomerangs (quivered)
 K - 3 darts of dispersal
 L - 4 throwing nets
Armour
 g - +9 gold dragon scales (worn)
 j - a +2 pair of gloves (worn)
 r - the +2 helmet "Qipted" (worn) {Will+}
   (You found it on level 2 of the Elven Halls)

   Will+:     It increases your willpower.
 w - the +7 tower shield of Tidghex (worn) {Dex+5 Stlth-}
   (You found it on level 4 of the Dungeon)

   Dex+5:     It affects your dexterity (+5).
   Stlth-:    It makes you less stealthy.
 V - the +1 cloak of the Hippogriff (worn) {Fly Stlth+}
   (You bought it in a shop on level 2 of the Orcish Mines)

   Fly:       It grants you flight.
   Stlth+:    It makes you more stealthy.
 Z - the +1 pair of boots of Eluedino (worn) {rF+ rC- MP+9}
   (You found it on level 2 of the Depths)

   rF+:       It protects you from fire.
   rC-:       It makes you vulnerable to cold.
   MP+9:      It affects your magic capacity (+9).
Jewellery
 o - the ring of Nyduduh (right hand) {rPois rC++ rN+ Int-3 Slay+4}
   (You found it in a Gauntlet)

   [ring of slaying]

   Int-3:     It affects your intelligence (-3).
   Slay+4:    It affects your accuracy & damage with ranged weapons and melee
   (+4).
   rC++:      It greatly protects you from cold.
   rPois:     It protects you from poison rN+: It protects you from negative
   energy.
 B - the ring "Poysoi Qani" {rPois Will+ Int+6}
   (You found it on level 3 of the Depths)

   [ring of intelligence]

   Int+6:     It affects your intelligence (+6).
   rPois:     It protects you from poison Will+: It increases your willpower.
 D - a ring of see invisible
 I - a ring of protection from fire (left hand)
 P - the macabre finger necklace (around neck) {Finger+ rN+}
   (You took it off a deep elf annihilator on level 3 of the Elven Halls)

   [amulet of nothing]

   Finger+:   It enables you to equip an extra ring.
   rN+:       It protects you from negative energy.
 Q - a ring of willpower
 R - a ring of flight
 Y - a +4 ring of slaying (on amulet)
Wands
 e - a wand of digging (23)
 i - a wand of mindburst (32)
 x - a wand of polymorph (12)
 M - a wand of quicksilver (14)
 T - a wand of iceblast (26)
 U - a wand of charming (1)
Scrolls
 c - 8 scrolls of teleportation
 m - 12 scrolls of vulnerability
 n - 3 scrolls of immolation
 q - 2 scrolls of fog
 G - a scroll of revelation
 J - 2 scrolls of fear
 S - 3 scrolls of blinking
Potions
 d - 3 potions of invisibility
 p - a potion of berserk rage
 u - a potion of haste
 A - 5 potions of cancellation
 C - 3 potions of might
 E - 2 potions of resistance
 F - 4 potions of magic
 H - 10 potions of heal wounds
 N - 3 potions of enlightenment
 O - 4 potions of curing
Miscellaneous
 h - a phantom mirror
 t - a lightning rod (1/4)
 y - a phial of floods
 W - a condenser vane


   Skills:
 + Level 20.9 Fighting
 - Level 14.0 Short Blades
 - Level 3.0 Polearms
 - Level 15.0 Throwing
 - Level 15.0 Armour
 - Level 14.2 Dodging
 - Level 10.0 Stealth
 + Level 20.9 Shields
 - Level 1.0 Spellcasting
 - Level 2.3 Hexes
 - Level 11.5 Translocations
 - Level 3.0 Fire Magic
 - Level 14.1 Evocations


You had 19 spell levels left.
You knew the following spells:

 Your Spells              Type           Power      Damage    Failure   Level
a - Scorch                Fire           18%        2d5       99%         2
b - Confusing Touch       Hex            7%         N/A       100%        3
c - Lesser Beckoning      Tloc           66%        N/A       12%         2

Your spell library contained the following spells:

 Spells                   Type           Power      Damage    Failure   Level
 Foxfire                  Conj/Fire      16%        2x1d4     99%         1
 Jinxbite                 Hex            14%        N/A       99%         2
 Dimensional Bullseye     Hex/Tloc       10%        N/A       99%         4
 Freeze                   Ice            0%         1d3       100%        1
 Kiss of Death            Conj/Necr      0%         2d5       100%        1
 Magic Dart               Conj           0%         1d3       100%        1
 Sting                    Conj/Alch      0%         1d3       100%        1
 Summon Small Mammal      Summ           0%         N/A       100%        1
 Cigotuvi's Dreadful Rot  Necr/Alch/Air  0%         N/A       100%        2
 Mercury Vapours          Alch/Air       0%         N/A       100%        2
 Searing Ray              Conj           0%         2d4       100%        2
 Sublimation of Blood     Necr           0%         N/A       100%        2
 Call Canine Familiar     Summ           0%         N/A       100%        3
 Dazzling Flash           Conj/Hex       6%         N/A       100%        3
 Frozen Ramparts          Ice            0%         1d1       100%        3
 Hailstorm                Conj/Ice       0%         3d5       100%        3
 Inner Flame              Hex/Fire       8%         N/A       100%        3
 Mephitic Cloud           Conj/Alch/Air  0%         N/A       100%        3
 Ozocubu's Armour         Ice            0%         N/A       100%        3
 Tukima's Dance           Hex            7%         N/A       100%        3
 Anguish                  Hex/Necr       1%         N/A       100%        4
 Animate Armour           Summ/Erth      0%         N/A       100%        4
 Cause Fear               Hex            3%         N/A       100%        4
 Dispel Undead            Necr           0%         3d6       100%        4
 Flame Wave               Conj/Fire      4%         2d5       100%        4
 Fulminant Prism          Conj/Alch      0%         3d5       100%        4
 Iskenderun's Mystic Bla  Conj/Tloc      16%        2d5       100%        4
 Leda's Liquefaction      Alch/Erth      0%         N/A       100%        4
 Martyr's Knell           Necr/Summ      0%         N/A       100%        4
 Olgreb's Toxic Radiance  Alch           0%         N/A       100%        4
 Petrify                  Alch/Erth      0%         N/A       100%        4
 Sticky Flame             Fire/Alch      4%         2d4       100%        4
 Summon Blazeheart Golem  Fire/Summ      4%         N/A       100%        4
 Summon Lightning Spire   Summ/Air       0%         N/A       100%        4
 Alistair's Intoxication  Alch           0%         N/A       100%        5
 Borgnjor's Vile Clutch   Necr/Erth      0%         N/A       100%        5
 Fireball                 Conj/Fire      2%         3d4       100%        5
 Freezing Cloud           Conj/Ice/Air   0%         6-21      100%        5
 Irradiate                Conj/Alch      0%         3d11      100%        5
 Lee's Rapid Deconstruct  Erth           0%         3d4*      100%        5
 Metabolic Englaciation   Hex/Ice        1%         N/A       100%        5
 Yara's Violent Unravell  Hex/Alch       1%         3d3       100%        5
 Bombard                  Conj/Erth      0%         9d1       100%        6
 Death Channel            Necr           0%         N/A       100%        6
 Eringya's Noxious Bog    Alch           0%         4d6       100%        6
 Plasma Beam              Fire/Air       2%         2x1d12    100%        6
 Sculpt Simulacrum        Ice/Alch       0%         N/A       100%        6
 Starburst                Conj/Fire      2%         6d3       100%        6
 Enfeeble                 Hex            3%         N/A       100%        7
 Malign Gateway           Summ/Tloc      8%         N/A       100%        7
 Orb of Destruction       Conj           0%         9d5       100%        7
 Spellforged Servitor     Conj/Summ      0%         N/A       100%        7
 Summon Horrible Things   Summ           0%         N/A       100%        8
 Chain Lightning          Conj/Air       0%         N/A       100%        9
 Dragon's Call            Summ           0%         N/A       100%        9
 Fire Storm               Conj/Fire      2%         8d1       100%        9
 Shatter                  Erth           0%         3d5*      100%        9


Dungeon Overview and Level Annotations

Branches:
Dungeon (15/15)            Temple (1/1) D:6            Lair (5/5) D:9
 Shoals (4/4) Lair:2        Snake (4/4) Lair:2        Slime (5/5) Lair:5
    Orc (2/2) D:11            Elf (3/3) Orc:2        Vaults (0/5) D:14
 Depths (4/4) D:15            Zot (5/5) Depths:4      Sewer (visited)
  IceCv (visited)         Gauntlet (visited)

Altars:
Ashenzari
Cheibriados
Dithmenos
Elyvilon
Fedhas
Gozag
Hepliaklqana
Kikubaaqudgha
Makhleb
Nemelex Xobeh
Okawaru
Qazlal
Ru
Sif Muna
Trog
Uskayaw
Vehumet
Wu Jian
Xom
Yredelemnul
Zin
The Shining One
Jiyva

Shops:
D:1 (   D:5 *   Orc:2 !?[(   Shoals:3 ?   Snake:4 *   Depths:1 ?=?[
Depths:3 ?!=[

Portals:
Hell: Lair:5 Depths:1 Depths:2 Depths:3 Depths:4
Abyss: D:4 Depths:3
Pandemonium: Depths:2
Ziggurat: Depths:3

Annotations:
Snake:4 2 transporters
Slime:2 Dissolution
Slime:5 Royal Jelly
Orc:2 exclusion: door
Depths:4 3 transporters


Innate Abilities, Weirdness & Mutations

You regain HP and MP as you explore.
You have sharp fingernails.
You have large cloven feet.
You are partially covered in iridescent scales. (AC +2)
You have a moderately thin skeletal structure. (Dex +4, Stealth++)
You are agile. (Dex +4, Str/Int -1)
Your mind is acute. (Int +4, Str/Dex -1)
You are very frail. (-20% HP)
You passively map a large area around you.
Your muscles are strong. (Str +4, Int/Dex -1)
Your gelatinous body deflects attacks. (AC +3, EV +3)
Armour fits poorly on your pseudopods.
You have a small jelly attached to you that senses nearby items.
You are vulnerable to heat. (rF-)
Your melee attacks may engulf your foes in ooze.


Message History

The thunderbolt hits the orange demon!!!
You kill the orange demon!
You block the cacodemon's attack.
The cacodemon hits you but does no damage.
You barely miss the cacodemon.
The cacodemon is lightly wounded.
You puncture the cacodemon!
The cacodemon is moderately wounded.
You hit the cacodemon. You bludgeon the cacodemon.
The cacodemon is moderately wounded.
You block the cacodemon's attack. x2
You puncture the cacodemon! You bludgeon the cacodemon.
The cacodemon is heavily wounded.
You closely miss the cacodemon.
The cacodemon is heavily wounded.
You puncture the cacodemon!
The cacodemon is severely wounded.
You block the cacodemon's attack. x2
You barely miss the cacodemon. You bludgeon the cacodemon!
The cacodemon is severely wounded.
You barely miss the cacodemon. You bludgeon the cacodemon!
The cacodemon is severely wounded.
You hit the cacodemon but do no damage.
The cacodemon is severely wounded.
The cacodemon gestures at you.
Strange energies course through your body.
You feel frail.
You puncture the cacodemon! You bludgeon the cacodemon.
The cacodemon is almost dead.
You hit the cacodemon but do no damage. You bludgeon the cacodemon.
The cacodemon is almost dead.
You impale the cacodemon!!
You kill the cacodemon!
There is a stone staircase leading up here.
You fly upwards.
There is a stone staircase leading down here.
What level of the Dungeon? (default 1, ? - help)
There is a staircase leading out of the dungeon here.
Okay, then.
You have escaped!

##...#.###..###.......###.....
#...#.##.............# #.....
##.......#.....#.....# #.....
#.#.....##...##.....###.....
###.##....###.###......##.....
#>.....###.##.##.###...#......
#.......###.#.#.###...........
#........###...###......#.....
####............@................
#.....###...###...###....[.##....
..##..###..###.#.#.###...).#.....
.###∩.⌠##.###.##.##.###......##..
..##...##....###.###.........#...
....._.##....##...##.............
...##..#..[..#.....#.............
.................................
......................#..........


There were no monsters in sight!

Vanquished Creatures
  7 orbs of fire (Zot:5)
  2 ancient liches (Depths:3)
  A dread lich (Zot:5)
  A juggernaut (Depths:4)
  Sojobo (Depths:2)
  The ghost of Hauff the Metallomancer, a veteran GrEE of Ashenzari (Depths:3)
  Parghit (Zot:3)
  Bai Suzhen (Depths:2)
  3 Killer Klowns (Zot:5)
  6 caustic shrikes
  A curse toe (Zot:4)
  Nikola (Shoals:2)
  11 golden dragons
  the Enchantress (Depths:2)
  4 electric golems
  An Ice Fiend (Zot:2)
  2 deep elf blademasters (Elf:3)
  26 Orb Guardians
  A deep elf master archer (Elf:3)
  12 tentacled monstrosities
  5 liches
  2 sphinxes (Depths:3)
  4 quicksilver dragons
  6 shadow dragons
  7 death cobs
  The ghost of Soitof the Warrior, an adept MiFi of the Shining One (Shoals:1)
  3 tengu reavers
  Agnes (Snake:1)
  10 storm dragons
  4 protean progenitors
  3 draconian knights
  6 nagarajas (Snake:4)
  A draconian monk (Zot:1)
  5 fire giants
  2 draconian scorchers
  7 draconian shifters
  6 frost giants
  5 deep elf sorcerers (Elf:3)
  Louise (Snake:2)
  A cacodemon (D:2)
  5 draconian stormcallers
  The ghost of Macafuodgh the Eclecticist, an adept DECj of Sif Muna (Depths:1)
  5 ghost moths
  4 spriggan defenders
  8 stone giants
  6 deep elf elementalists (Elf:3)
  3 orc warlords
  2 reapers (IceCv)
  7 green draconians
  7 draconian annihilators
  3 vampire knights
  21 very ugly things
  7 black draconians
  A minotaur (Gauntlet)
  4 deep elf death magi
  3 deep elf demonologists (Elf:3)
  Nessos (Lair:4)
  A war gargoyle (Depths:1)
  15 red draconians
  A lorocyproca (D:5)
  13 white draconians
  A spark wasp (Depths:1)
  14 yellow draconians
  A dire elephant (D:15)
  11 purple draconians
  9 deep elf annihilators
  Snorg (D:13)
  7 ettins
  4 merfolk javelineers (Shoals:4)
  The ghost of capka3m the Grappler, a journeyman TrSh of Cheibriados (Lair:2)
  2 entropy weavers (shapeshifter)
  4 fire dragons
  6 merfolk impalers
  6 deep elf high priests (Elf:3)
  Erolcha (D:13)
  5 ice dragons
  8 spriggan air magi
  A hell beast (Depths:1)
  8 salamander tyrants
  A vault guard (D:14)
  12 hydras
  An ogre mage (D:15)
  7 centaur warriors
  4 caustic shrike simulacra (IceCv)
  13 anacondas
  An alligator snapping turtle (Shoals:4)
  2 alligators (Zot:5)
  3 rakshasas
  A catoblepas (Shoals:1)
  A boulder beetle (D:13)
  2 merfolk aquamancers (Shoals:4)
  3 satyrs
  9 two-headed ogres
  3 deep troll shamans
  15 naga warriors
  3 deep troll earth magi
  37 dancing weapons
  2 tengu warriors
  9 death yaks
  A vampire mage (Depths:1)
  12 naga sharpshooters
  7 shock serpents
  4 hell knights (Depths:1)
  An occultist (Lair:5)
  7 orc high priests
  5 spriggan berserkers
  4 salamander mystics
  15 deep elf knights
  A sixfirhy (Lair:5)
  5 skysharks
  The ghost of koorschki the Insei, a novice DsSh of Ashenzari (D:8)
  7 iron trolls
  6 sea snakes
  4 skeletal warriors
  8 deep trolls
  A spectral spark wasp (Depths:1)
  2 flayed ghosts
  A skyshark (shapeshifter) (Depths:4)
  8 mana vipers
  A bog body (IceCv)
  6 naga ritualists
  An orange crystal statue (Zot:5)
  12 deep elf archers
  3 obsidian statues
  A lindwurm (shapeshifter) (D:14)
  13 harpies
  32 deep elf pyromancers
  8 orc sorcerers
  5 necromancers
  12 fauns
  29 deep elf zephyrmancers
  7 orc knights (Orc:2)
  An oklob plant (Lair:2)
  29 ugly things
  29 moths of wrath
  A wolf spider (D:15)
  A spectral satyr (Shoals:1)
  16 manticores
  Maurice (D:9)
  29 salamanders
  6 cyclopes
  A large abomination (D:8)
  5 guardian serpents
  13 elephants
  5 kobold blastminers
  4 merfolk sirens
  A spectral alligator snapping turtle (Shoals:1)
  A frost giant skeleton (Depths:1)
  A smoke demon (Lair:5)
  7 water nymphs
  49 black mambas
  20 naga magi
  2 gargoyles
  5 orange demons
  18 rime drakes
  A spectral sea snake (Shoals:1)
  3 komodo dragons
  14 cane toads
  7 freezing wraiths
  An efreet (D:14)
  4 yaktaurs (D:11)
  Psyche (D:9)
  A golden dragon simulacrum (IceCv)
  2 kobold demonologists (D:13)
  4 ice devils
  9 trolls
  A tengu conjurer (Depths:1)
  32 merfolk
  2 red devils (Lair:5)
  5 wind drakes
  3 tyrant leeches
  2 hornets
  5 polar bears
  A stone giant simulacrum (Depths:1)
  A spectral manticore (Shoals:1)
  2 raiju (D:11)
  A spectral merfolk (Shoals:1)
  An ettin zombie (Depths:1)
  10 blink frogs
  9 dream sheep
  7 snapping turtles
  An air elemental (Elf:3)
  2 spriggans
  A wraith (D:14)
  A dire elephant simulacrum (IceCv)
  15 water elementals
  2 wyverns
  3 shadows
  12 yaks
  An alligator snapping turtle simulacrum (Shoals:1)
  12 fire elementals
  5 basilisks
  7 wargs
  6 steam dragons
  12 vampire mosquitoes
  Grum (D:9)
  A redback (D:14)
  The ghost of capka3m the Changeling, an amateur MfSh (D:4)
  2 swamp worms (Gauntlet)
  74 nagas
  2 small abominations (D:4)
  4 hell hounds
  An acid dragon (D:10)
  8 water moccasins
  4 hydra simulacra (IceCv)
  An ice beast (shapeshifter) (Elf:3)
  4 black bears
  52 orc warriors
  An ice beast (D:6)
  A sky beast (D:7)
  2 ettin simulacra (IceCv)
  15 ogres
  36 wolves
  4 centaurs
  4 kobold brigands
  6 bullfrogs
  3 scorpions (D:6)
  2 merfolk simulacra (Shoals:1)
  6 earth elementals
  2 gnoll sergeants
  A deep troll simulacrum (IceCv)
  3 wights (D:9)
  7 killer bees
  A lindwurm simulacrum (IceCv)
  A manticore simulacrum (Shoals:1)
  7 electric eels
  5 howler monkeys
  A crimson imp (D:4)
  6 jellies
  6 hounds
  32 orc priests
  2 gnoll boudas
  A sleepcap (D:7)
  A cyclops simulacrum (Shoals:1)
  3 iguanas
  15 orc wizards
  A mummy (D:6)
  9 adders
  13 gnolls
  3 river rats
  3 dart slugs
  3 ribbon worms
  109 orcs
  2 bats
  13 endoplasms
  4 giant cockroaches
  9 goblins
  8 hobgoblins
  3 quokkas
  5 ball pythons
  7 frilled lizards
  21 kobolds
  14 rats
1741 creatures vanquished.

Vanquished Creatures (collateral kills)
  A curse toe (Zot:4)
  A quicksilver dragon (Zot:5)
  The ghost of grizmgrazm2 the Nimble, a journeyman DjFE of Makhleb (Snake:1)
  A red draconian (Zot:2)
  Azrael (D:13)
  A rakshasa (Depths:1)
  2 naga warriors
  A naga ritualist (Snake:1)
  A moth of wrath (Zot:2)
  A manticore (Shoals:1)
  A black mamba (Snake:3)
  A guardian serpent (Snake:1)
  2 fire elementals (D:13)
  A naga (Snake:3)
  A hell hound (D:13)
17 creatures vanquished.

Vanquished Creatures (others)
  3 death cobs
  An azure jelly (Zot:5)
  A draconian knight (Zot:3)
  A fire giant (Depths:1)
  A ghost moth (Zot:1)
  A draconian stormcaller (Zot:4)
  A merfolk impaler (Shoals:1)
  A naga warrior (Snake:4)
  A spriggan berserker (Depths:2)
  3 deep elf knights
  2 skeletal warriors (D:14)
  A deep troll (Depths:3)
  A deep elf zephyrmancer (Elf:2)
  3 deep elf pyromancers
  4 cyclopes
  A necromancer (Depths:3)
  4 fauns (Shoals:3)
  2 manticores
  A merfolk siren (Shoals:3)
  2 naga magi
  A black mamba (Snake:2)
  2 tengu conjurers
  A dream sheep (Shoals:4)
  12 slime creatures
  A spriggan (Lair:1)
  A yak (shapeshifter) (Depths:4)
  A wyvern (D:9)
  3 vampire mosquitoes (D:12)
  An acid dragon (D:13)
  3 water moccasins
  3 orc warriors
  5 wolves
  A centaur (D:9)
  An ogre (D:6)
  2 bullfrogs
  A scorpion (Lair:1)
  2 killer bees (D:10)
  276 jellies
  A bombardier beetle (D:5)
  3 hounds (D:9)
  An orc priest (D:11)
  3 orc wizards
  An adder (D:5)
  4 gnolls
  14 orcs
  An endoplasm (D:4)
  A hobgoblin zombie (D:6)
  3 orc zombies (D:6)
  15 foxfires (D:3)
399 creatures vanquished.

Grand Total: 2157 creatures vanquished

Notes
Turn   | Place    | Note
-------+----------+-------------------------------------------
     0 | D:1      | PlayingRandomsOnly the Human Cinder Acolyte began the quest
                  | for the Orb.
     0 | D:1      | Reached XP level 1. HP: 18/18 MP: 2/2
   119 | D:1      | Found a faded altar of an unknown god.
   138 | D:1      | Reached skill level 1 in Stealth
   185 | D:1      | Found Tawecy's Weapon Shop.
   214 | D:1      | Reached XP level 2. HP: 14/24 MP: 3/3
   310 | D:1      | Reached skill level 1 in Dodging
   690 | D:2      | Reached XP level 3. HP: 29/29 MP: 4/4
   736 | D:2      | Reached skill level 1 in Armour
   833 | D:2      | Reached skill level 1 in Throwing
   833 | D:2      | Reached XP level 4. HP: 29/35 MP: 5/5
   845 | D:2      | Learned a level 2 spell: Scorch
   849 | D:2      | Learned a level 3 spell: Confusing Touch
   929 | D:2      | You fall into a shaft and drop 1 floor!
  1310 | D:2      | Identified the +9 short sword "Jeurr" {holy, rC+ MP+9
                  | Str-2}
  1666 | D:3      | Reached skill level 1 in Short Blades
  1666 | D:3      | Reached skill level 1 in Hexes
  1666 | D:3      | Reached XP level 5. HP: 41/41 MP: 6/6
  2361 | D:4      | Found a transporter.
  2365 | D:4      | Noticed a small abomination
  2385 | D:4      | Found a one-way gate to the infinite horrors of the Abyss.
  2385 | D:4      | Noticed capka3m's ghost (amateur MfSh)
  2386 | D:4      | Noticed a kobold brigand
  2394 | D:4      | Identified the +7 tower shield of Tidghex {Dex+5 Stlth-}
  2399 | D:4      | Noticed a small abomination
  2486 | D:4      | Reached skill level 1 in Shields
  2489 | D:4      | Reached XP level 6. HP: 47/47 MP: 7/7
  2492 | D:4      | Found a glowing drain.
  2504 | Sewer    | Entered a sewer
  2683 | Sewer    | Found a viscous altar of Jiyva.
  2705 | Sewer    | Fell from the grace of Ignis
  2705 | Sewer    | Became a worshipper of Jiyva Jarphapo the Shapeless
  2788 | D:4      | Found a hide-covered altar of Uskayaw.
  2910 | D:4      | Found a transporter.
  2922 | D:4      | You fall into a shaft and drop 2 floors!
  2932 | D:6      | Reached XP level 7. HP: 52/52 MP: 8/8
  2945 | D:5      | Entered Level 5 of the Dungeon
  2969 | D:5      | Reached * piety under Jiyva
  3222 | D:4      | Noticed a fire elemental
  3222 | D:4      | Noticed a fire elemental
  3222 | D:4      | Noticed a fire elemental
  3235 | D:4      | Killed a fire elemental
  3444 | D:4      | Killed a fire elemental
  3463 | D:4      | Killed a fire elemental
  3551 | D:5      | Found Najutim's General Store.
  3554 | D:5      | Bought a potion of haste for 130 gold pieces
  3554 | D:5      | Bought a potion of heal wounds for 65 gold pieces
  3640 | D:5      | Noticed a fire elemental
  3640 | D:5      | Noticed a fire elemental
  3640 | D:5      | Noticed a fire elemental
  3744 | D:5      | Found a sacrificial altar of Ru.
  3758 | D:5      | Identified the +0 ring mail of the Shining Light {*Slow
                  | rPois Int-4 Dex+8}
  3787 | D:6      | Found a staircase to the Ecumenical Temple.
  3809 | D:6      | Reached skill level 5 in Shields
  3814 | D:6      | Noticed a fire elemental
  3814 | D:6      | Noticed a fire elemental
  3829 | D:6      | Killed a fire elemental
  3838 | D:6      | Killed a fire elemental
  3923 | D:6      | Reached ** piety under Jiyva
  4002 | D:6      | Reached XP level 8. HP: 58/58 MP: 9/9
  4422 | Temple   | Entered the Ecumenical Temple
  4563 | D:7      | Reached skill level 5 in Short Blades
  4571 | D:7      | Reached *** piety under Jiyva
  4587 | D:7      | Identified the +0 leather armour "Sexemn" {Dex+2}
  4650 | D:7      | Reached XP level 9. HP: 63/63 MP: 10/10
  4725 | D:7      | Gained mutation: You have acidic saliva. [Jiyva's grace]
  4725 | D:7      | Gained mutation: You have a small jelly attached to you
                  | that may absorb projectiles. [Jiyva's grace]
  4725 | D:7      | Gained mutation: You have sharp toenails. [Jiyva's grace]
  4725 | D:7      | Gained mutation: You have razor-sharp toenails. [Jiyva's
                  | grace]
  4873 | D:8      | Found a runed translucent gate.
  4874 | D:8      | Found a runed translucent gate.
  4875 | D:8      | Found a runed translucent gate.
  4886 | D:8      | Noticed koorschki's ghost (novice DsSh)
  4894 | D:8      | You fall into a shaft and drop 3 floors!
  4896 | D:11     | Noticed a yaktaur
  4932 | D:10     | Entered Level 10 of the Dungeon
  5054 | D:8      | Reached **** piety under Jiyva
  5318 | D:8      | Noticed a gargoyle
  5322 | D:8      | Killed a gargoyle
  5558 | D:4      | Killed capka3m's ghost
  5732 | D:8      | Reached skill level 10 in Short Blades
  5732 | D:8      | Reached XP level 10. HP: 70/70 MP: 11/11
  5742 | D:8      | Killed koorschki's ghost
  5743 | D:8      | Reached skill level 5 in Fighting
  5844 | D:9      | Was forgiven by Ignis
  5888 | D:9      | Noticed Psyche
  5895 | D:9      | Killed Psyche
  5913 | D:9      | Noticed Maurice
  6016 | D:9      | Found a glowing silver altar of Zin.
  6150 | D:9      | Found a staircase to the Lair.
  6157 | D:9      | Noticed Grum
  6177 | D:9      | Killed Grum
  6438 | D:9      | Lost mutation: You have acidic saliva. [Jiyva's grace]
  6438 | D:9      | Gained mutation: You are somewhat resistant to further
                  | mutation. [Jiyva's grace]
  6438 | D:9      | Gained mutation: You are somewhat resistant to both further
                  | mutation and mutation removal. [Jiyva's grace]
  6438 | D:9      | Gained mutation: You are almost entirely resistant to
                  | further mutation and mutation removal. [Jiyva's grace]
  6438 | D:9      | Gained mutation: You have acidic saliva. [Jiyva's grace]
  6594 | D:9      | Killed Maurice
  6595 | D:9      | Reached skill level 5 in Throwing
  6724 | D:10     | Reached skill level 5 in Dodging
  6785 | D:10     | Reached XP level 11. HP: 80/80 MP: 12/12
  7060 | D:10     | Identified the +4 short sword of the Exiled Invaders
                  | {flame, Int+2}
  7101 | D:10     | Found an ornate altar of the Wu Jian Council.
  7291 | Lair:1   | Entered Level 1 of the Lair of Beasts
  7703 | Lair:1   | Reached ***** piety under Jiyva
  7833 | Lair:1   | Lost mutation: You are almost entirely resistant to further
                  | mutation and mutation removal. [Jiyva's grace]
  7833 | Lair:1   | Gained mutation: You have a pair of small horns on your
                  | head. [Jiyva's grace]
  7833 | Lair:1   | Gained mutation: You have a pair of horns on your head.
                  | [Jiyva's grace]
  7833 | Lair:1   | Gained mutation: You have a pair of large horns on your
                  | head. [Jiyva's grace]
  7833 | Lair:1   | Gained mutation: Your mind is acute. (Int +4, Str/Dex -1)
                  | [Jiyva's grace]
  8053 | Lair:2   | Noticed a +1 triple sword of chaos
  8053 | Lair:2   | Noticed capka3m's ghost (journeyman TrSh)
  8053 | Lair:2   | Found a runed translucent door.
  8053 | Lair:2   | Found a shimmering altar of Xom.
  8147 | Lair:2   | Reached skill level 1 in Evocations
  8204 | Lair:2   | Found a shimmering altar of Xom.
  8205 | Lair:2   | Noticed an oklob plant
  8242 | Lair:2   | Killed an oklob plant
  8449 | Lair:2   | Found a staircase to the Snake Pit.
  8484 | Lair:2   | Noticed a death yak
  8486 | Lair:2   | Noticed a death yak
  8518 | Lair:2   | Killed a death yak
  8519 | Lair:2   | Reached XP level 12. HP: 59/91 MP: 13/13
  8544 | Lair:2   | Noticed a death yak
  8548 | Lair:2   | Noticed a death yak
  8558 | Lair:2   | Killed a death yak
  8576 | Lair:2   | Killed a death yak
  8578 | Lair:2   | Killed a death yak
  8595 | Lair:2   | Found a bloodstained altar of Trog.
  8799 | Lair:2   | Found a staircase to the Shoals.
  9154 | Lair:3   | Lost mutation: You have a pair of large horns on your head.
                  | [Jiyva's grace]
  9154 | Lair:3   | Lost mutation: Your mind is acute. (Int +4, Str/Dex -1)
                  | [Jiyva's grace]
  9154 | Lair:3   | Lost mutation: You are somewhat resistant to both further
                  | mutation and mutation removal. [Jiyva's grace]
  9154 | Lair:3   | Gained mutation: Your body has grown eyes which may confuse
                  | attackers. (Acc +3) [Jiyva's grace]
  9154 | Lair:3   | Gained mutation: Your body has grown many eyes which may
                  | confuse attackers. (Acc +5) [Jiyva's grace]
  9154 | Lair:3   | Gained mutation: Your body is covered in eyes which may
                  | confuse attackers. (Acc +7, SInv) [Jiyva's grace]
  9154 | Lair:3   | Gained mutation: Your translucent skin slightly reduces
                  | your foes' accuracy. (Stealth+) [Jiyva's grace]
  9219 | Lair:3   | Reached skill level 5 in Armour
  9232 | Lair:3   | Reached skill level 10 in Shields
  9646 | Lair:3   | Reached ****** piety under Jiyva
  9813 | Lair:3   | Noticed a four-headed hydra
  9822 | Lair:3   | Killed a four-headed hydra
 10290 | Lair:4   | Reached XP level 13. HP: 98/98 MP: 14/14
 10421 | Lair:4   | Lost mutation: You have razor-sharp toenails. [Jiyva's
                  | grace]
 10421 | Lair:4   | Lost mutation: Your body is covered in eyes which may
                  | confuse attackers. (Acc +7, SInv) [Jiyva's grace]
 10421 | Lair:4   | Gained mutation: You are agile. (Dex +4, Str/Int -1)
                  | [Jiyva's grace]
 10421 | Lair:4   | Gained mutation: You are very agile. (Dex +8, Str/Int -2)
                  | [Jiyva's grace]
 10421 | Lair:4   | Gained mutation: Your muscles are strong. (Str +4, Int/Dex
                  | -1) [Jiyva's grace]
 10421 | Lair:4   | Gained mutation: Your muscles are very strong. (Str +8,
                  | Int/Dex -2) [Jiyva's grace]
 10571 | Lair:4   | Noticed Nessos
 10598 | Lair:4   | Killed Nessos
 11143 | Lair:5   | Entered Level 5 of the Lair of Beasts
 11240 | Lair:5   | Noticed a fire dragon
 11247 | Lair:5   | Killed a fire dragon
 11387 | Lair:5   | Found a staircase to the Slime Pits.
 11388 | Lair:5   | Found a viscous altar of Jiyva.
 11600 | Lair:5   | Reached skill level 5 in Stealth
 11637 | Lair:5   | Reached skill level 5 in Evocations
 11649 | Lair:5   | Gained mutation: Armour fits poorly on your pseudopods.
                  | [Jiyva's grace]
 11649 | Lair:5   | Gained mutation: Armour fits poorly on your large
                  | pseudopods. [Jiyva's grace]
 11649 | Lair:5   | Gained mutation: Armour fits poorly on your massive
                  | pseudopods. [Jiyva's grace]
 11649 | Lair:5   | Gained mutation: Your flesh is cold resistant. (rC+)
                  | [Jiyva's grace]
 11730 | Lair:5   | Reached XP level 14. HP: 106/106 MP: 15/15
 11917 | Lair:5   | Identified the +0 robe of Boomen {-Tele rN+++ Dex+6}
 12031 | Lair:5   | Lost mutation: You have sharp toenails. [potion of
                  | mutation]
 12031 | Lair:5   | Lost mutation: Armour fits poorly on your massive
                  | pseudopods. [potion of mutation]
 12031 | Lair:5   | Lost mutation: Armour fits poorly on your large pseudopods.
                  | [potion of mutation]
 12031 | Lair:5   | Lost mutation: Armour fits poorly on your pseudopods.
                  | [potion of mutation]
 12079 | Lair:5   | Found a burning altar of Makhleb.
 12145 | Lair:5   | Found a gateway to Hell.
 13013 | D:11     | Found a staircase to the Orcish Mines.
 13877 | D:12     | Lost mutation: You have a small jelly attached to you that
                  | may absorb projectiles. [Jiyva's grace]
 13877 | D:12     | Gained mutation: You have a small jelly attached to you
                  | that may absorb projectiles. [Jiyva's grace]
 13877 | D:12     | Gained mutation: Your rubbery body absorbs attacks. (AC +1,
                  | EV +1) [Jiyva's grace]
 13877 | D:12     | Gained mutation: Your pliable body absorbs attacks. (AC +2,
                  | EV +2) [Jiyva's grace]
 13877 | D:12     | Gained mutation: Your gelatinous body deflects attacks. (AC
                  | +3, EV +3) [Jiyva's grace]
 14385 | D:13     | Noticed Erolcha
 14389 | D:13     | Killed Erolcha
 14757 | D:13     | Noticed Snorg
 14763 | D:13     | Killed Snorg
 14837 | D:13     | Noticed Azrael
 14842 | D:13     | Killed Azrael
 15456 | D:14     | Reached XP level 15. HP: 114/114 MP: 16/16
 15549 | D:14     | Found a gate to the Vaults.
 15566 | D:14     | Reached skill level 10 in Fighting
 16081 | D:14     | Lost mutation: You have a pair of horns on your head.
                  | [Jiyva's grace]
 16081 | D:14     | Lost mutation: You are very agile. (Dex +8, Str/Int -2)
                  | [Jiyva's grace]
 16081 | D:14     | Lost mutation: You are agile. (Dex +4, Str/Int -1) [Jiyva's
                  | grace]
 16081 | D:14     | Lost mutation: You are somewhat resistant to further
                  | mutation. [Jiyva's grace]
 16081 | D:14     | Lost mutation: You have acidic saliva. [Jiyva's grace]
 16081 | D:14     | Lost mutation: Your translucent skin slightly reduces your
                  | foes' accuracy. (Stealth+) [Jiyva's grace]
 16081 | D:14     | Lost mutation: You have a small jelly attached to you that
                  | may absorb projectiles. [Jiyva's grace]
 16081 | D:14     | Gained mutation: You are covered in slimy tendrils that may
                  | disarm your opponents. [Jiyva's grace]
 16081 | D:14     | Gained mutation: You have a small jelly attached to you
                  | that may absorb projectiles. [Jiyva's grace]
 16081 | D:14     | Gained mutation: Your natural rate of healing is unusually
                  | fast. [Jiyva's grace]
 16081 | D:14     | Gained mutation: You heal very quickly. [Jiyva's grace]
 16213 | D:15     | Entered Level 15 of the Dungeon
 16419 | D:15     | Found a gate leading to a gauntlet.
 16447 | Gauntlet | Entered a Gauntlet
 16447 | Gauntlet | Found a transporter.
 16447 | Gauntlet | Found a transporter.
 16447 | Gauntlet | Found a transporter.
 16451 | Gauntlet | Found a transporter.
 16461 | Gauntlet | Found a transporter.
 16465 | Gauntlet | Found a transporter.
 16468 | Gauntlet | Noticed a balrug
 16477 | Gauntlet | Found a transporter.
 16478 | Gauntlet | Found a transporter.
 16478 | Gauntlet | Found a transporter.
 16562 | Gauntlet | Found a transporter.
 16566 | Gauntlet | Found a transporter.
 16576 | Gauntlet | Found a transporter.
 16677 | Gauntlet | Identified the amulet "Elyoh" {Faith ^Contam rElec Int+3}
 16734 | Gauntlet | Identified the ring of Nyduduh {rPois rC++ rN+ Int-3
                  | Slay+4}
 16741 | Gauntlet | Identified the +5 morningstar of Impermanence {venom, Fly
                  | rN+ Int+2 Dex+3 Stlth-}
 16760 | Gauntlet | Reached skill level 15 in Shields
 16772 | Gauntlet | Reached skill level 10 in Throwing
 16894 | D:15     | Found a staircase to the Depths.
 17067 | D:15     | Lost mutation: Your flesh is cold resistant. (rC+) [Jiyva's
                  | grace]
 17067 | D:15     | Lost mutation: Your gelatinous body deflects attacks. (AC
                  | +3, EV +3) [Jiyva's grace]
 17067 | D:15     | Gained mutation: You are robust. (+10% HP) [Jiyva's grace]
 17067 | D:15     | Gained mutation: You are very robust. (+20% HP) [Jiyva's
                  | grace]
 17067 | D:15     | Gained mutation: You are extremely robust. (+30% HP)
                  | [Jiyva's grace]
 17067 | D:15     | Gained mutation: You have a small jelly attached to you
                  | that senses nearby items. [Jiyva's grace]
 17221 | D:15     | Found a stormy altar of Qazlal.
 17471 | Orc:1    | Entered Level 1 of the Orcish Mines
 17637 | Orc:2    | Entered Level 2 of the Orcish Mines
 17990 | Orc:2    | Reached XP level 16. HP: 161/161 MP: 17/17
 18187 | Orc:2    | Found Zabutupt's Magic Scroll Emporium.
 18215 | Orc:2    | Bought a scroll of immolation for 52 gold pieces
 18215 | Orc:2    | Bought a scroll of vulnerability for 52 gold pieces
 18222 | Orc:2    | Found Pevahott's Distillery.
 18242 | Orc:2    | Bought a potion of enlightenment for 90 gold pieces
 18242 | Orc:2    | Bought a potion of curing for 54 gold pieces
 18242 | Orc:2    | Bought a potion of heal wounds for 90 gold pieces
 18780 | Orc:2    | Found a staircase to the Elven Halls.
 18970 | Orc:2    | Lost mutation: You are extremely robust. (+30% HP) [Jiyva's
                  | grace]
 18970 | Orc:2    | Gained mutation: You are somewhat resistant to further
                  | mutation. [Jiyva's grace]
 18970 | Orc:2    | Gained mutation: You are somewhat resistant to both further
                  | mutation and mutation removal. [Jiyva's grace]
 18970 | Orc:2    | Gained mutation: You are almost entirely resistant to
                  | further mutation and mutation removal. [Jiyva's grace]
 18970 | Orc:2    | Gained mutation: You have acidic saliva. [Jiyva's grace]
 19222 | Orc:2    | Found Hujida's Armour Emporium.
 19235 | Orc:2    | Bought the +1 cloak of the Hippogriff {Fly Stlth+} for 299
                  | gold pieces
 19235 | Orc:2    | Bought a +0 pair of boots for 63 gold pieces
 19268 | Orc:2    | Found Fuyrph's Antique Weapon Shoppe.
 19819 | Lair:2   | Killed capka3m's ghost
 19946 | Snake:1  | Entered Level 1 of the Snake Pit
 19946 | Snake:1  | Noticed Agnes
 19949 | Snake:1  | Killed Agnes
 20201 | Snake:1  | Noticed Louise
 20204 | Snake:1  | Found a runed translucent gate.
 20204 | Snake:1  | Found a runed translucent gate.
 20204 | Snake:1  | Found a runed translucent gate.
 20336 | Snake:1  | Noticed grizmgrazm2's ghost (journeyman DjFE)
 20379 | Snake:1  | Killed grizmgrazm2's ghost
 20384 | Snake:1  | Reached skill level 10 in Dodging
 20393 | Snake:1  | Reached skill level 10 in Armour
 20436 | Snake:1  | Lost mutation: You heal very quickly. [Jiyva's grace]
 20436 | Snake:1  | Lost mutation: You are very robust. (+20% HP) [Jiyva's
                  | grace]
 20436 | Snake:1  | Lost mutation: Your muscles are very strong. (Str +8,
                  | Int/Dex -2) [Jiyva's grace]
 20436 | Snake:1  | Lost mutation: You are covered in slimy tendrils that may
                  | disarm your opponents. [Jiyva's grace]
 20436 | Snake:1  | Gained mutation: Your gelatinous body deflects attacks. (AC
                  | +3, EV +3) [Jiyva's grace]
 20436 | Snake:1  | Gained mutation: You passively map a small area around you.
                  | [Jiyva's grace]
 20436 | Snake:1  | Gained mutation: You passively map the area around you.
                  | [Jiyva's grace]
 20436 | Snake:1  | Gained mutation: You passively map a large area around you.
                  | [Jiyva's grace]
 20902 | Orc:2    | Bought a scroll of poison for 52 gold pieces
 21269 | Snake:2  | Reached XP level 17. HP: 124/146 MP: 18/18
 21320 | Snake:2  | Killed Louise
 21801 | Snake:2  | Lost mutation: You are almost entirely resistant to further
                  | mutation and mutation removal. [Jiyva's grace]
 21801 | Snake:2  | Lost mutation: You have a small jelly attached to you that
                  | may absorb projectiles. [Jiyva's grace]
 21801 | Snake:2  | Gained mutation: Your muscles are very strong. (Str +8,
                  | Int/Dex -2) [Jiyva's grace]
 21801 | Snake:2  | Gained mutation: Your body is covered in eyes which may
                  | confuse attackers. (Acc +7, SInv) [Jiyva's grace]
 21801 | Snake:2  | Gained mutation: You expend magic power (3 MP) to
                  | strengthen your wands. [Jiyva's grace]
 21801 | Snake:2  | Gained mutation: You are very robust. (+20% HP) [Jiyva's
                  | grace]
 22372 | Snake:3  | Reached skill level 10 in Evocations
 22732 | Snake:4  | Entered Level 4 of the Snake Pit
 23549 | Snake:3  | Got the Anthology of the Onion
 23694 | Snake:3  | Lost mutation: Your muscles are very strong. (Str +8,
                  | Int/Dex -2) [Jiyva's grace]
 23694 | Snake:3  | Lost mutation: You have acidic saliva. [Jiyva's grace]
 23694 | Snake:3  | Lost mutation: Your body is covered in eyes which may
                  | confuse attackers. (Acc +7, SInv) [Jiyva's grace]
 23694 | Snake:3  | Lost mutation: Your gelatinous body deflects attacks. (AC
                  | +3, EV +3) [Jiyva's grace]
 23694 | Snake:3  | Gained mutation: You are partially covered in iridescent
                  | scales. (AC +2) [Jiyva's grace]
 23694 | Snake:3  | Gained mutation: You are mostly covered in iridescent
                  | scales. (AC +4) [Jiyva's grace]
 23694 | Snake:3  | Gained mutation: You are completely covered in iridescent
                  | scales. (AC +6) [Jiyva's grace]
 23694 | Snake:3  | Gained mutation: You have a pair of horns on your head.
                  | [Jiyva's grace]
 24197 | Snake:4  | Found a transporter.
 24200 | Snake:4  | Found a transporter.
 24209 | Snake:4  | Found a transporter.
 24209 | Snake:4  | Found a transporter.
 24279 | Snake:4  | Found a transporter.
 24279 | Snake:4  | Found a transporter.
 24279 | Snake:4  | Found Tallim's General Store.
 24351 | Snake:4  | Reached XP level 18. HP: 173/174 MP: 19/19
 24521 | Snake:4  | Bought 6 atropa-tipped darts for 113 gold pieces
 24521 | Snake:4  | Bought a potion of haste for 210 gold pieces
 25193 | Snake:4  | Reached skill level 15 in Fighting
 25262 | Snake:4  | Reached skill level 15 in Throwing
 25442 | Snake:4  | Got a serpentine rune of Zot
 25689 | Shoals:1 | Entered Level 1 of the Shoals
 25762 | Shoals:1 | Found a runed translucent gate.
 25762 | Shoals:1 | Found a runed translucent gate.
 25762 | Shoals:1 | Found a runed translucent gate.
 25772 | Shoals:1 | Noticed Soitof's ghost (adept MiFi)
 26712 | Shoals:1 | Killed Soitof's ghost
 26882 | Shoals:2 | You are sucked into a shaft and drop 1 floor!
 26882 | Shoals:3 | Lost mutation: You are somewhat resistant to both further
                  | mutation and mutation removal. [Jiyva's grace]
 26882 | Shoals:3 | Lost mutation: You passively map a large area around you.
                  | [Jiyva's grace]
 26882 | Shoals:3 | Lost mutation: You are very robust. (+20% HP) [Jiyva's
                  | grace]
 26882 | Shoals:3 | Lost mutation: Your body has grown many eyes which may
                  | confuse attackers. (Acc +5) [Jiyva's grace]
 26882 | Shoals:3 | Lost mutation: Your pliable body absorbs attacks. (AC +2,
                  | EV +2) [Jiyva's grace]
 26882 | Shoals:3 | Lost mutation: You have a small jelly attached to you that
                  | senses nearby items. [Jiyva's grace]
 26882 | Shoals:3 | Gained mutation: You have a pair of large horns on your
                  | head. [Jiyva's grace]
 26882 | Shoals:3 | Gained mutation: You are covered in slimy tendrils that may
                  | disarm your opponents. [Jiyva's grace]
 26882 | Shoals:3 | Gained mutation: You have sharp fingernails. [Jiyva's
                  | grace]
 26882 | Shoals:3 | Gained mutation: You have very sharp fingernails. [Jiyva's
                  | grace]
 27288 | Shoals:2 | Noticed Nikola
 27492 | Shoals:2 | Killed Nikola
 27572 | Shoals:2 | Reached XP level 19. HP: 154/170 MP: 20/20
 27597 | Shoals:2 | Identified the blade talisman "Tes Rarr" {rC+ rN+ Dex+3}
 27980 | Shoals:3 | Found Rac Tent's Magic Scroll Emporium.
 28304 | Shoals:3 | Identified the +2 dire flail of Wariness {vamp, rPois rC+}
 28677 | Shoals:4 | Entered Level 4 of the Shoals
 29109 | Shoals:4 | Lost mutation: You are somewhat resistant to further
                  | mutation. [Jiyva's grace]
 29109 | Shoals:4 | Gained mutation: Your movements are slightly less
                  | encumbered by armour. (ER -2) [Jiyva's grace]
 29109 | Shoals:4 | Gained mutation: Your movements are less encumbered by
                  | armour. (ER -4) [Jiyva's grace]
 29109 | Shoals:4 | Gained mutation: Your movements are significantly less
                  | encumbered by armour. (ER -6) [Jiyva's grace]
 29109 | Shoals:4 | Gained mutation: Your system is resistant to poisons.
                  | (rPois) [Jiyva's grace]
 29602 | Shoals:4 | Reached skill level 10 in Stealth
 29751 | Shoals:4 | Got a barnacled rune of Zot
 30174 | Slime:1  | Entered Level 1 of the Pits of Slime
 30229 | Slime:2  | Noticed Dissolution
 30381 | Slime:5  | Entered Level 5 of the Pits of Slime
 30395 | Slime:5  | Noticed the Royal Jelly
 30404 | Slime:5  | Identified the +1 quarterstaff "Oxefuq" {heavy, *Corrode
                  | rPois rN+ Str+2 SInv}
 30405 | Slime:5  | Got a starry gem with 371 turns to spare
 30417 | Slime:5  | Got the Dissertation on Shifting and the Evil Eye
 30418 | Slime:5  | Identified the +8 orcbow of Incongruity {antimagic, Int+3}
 30422 | Slime:5  | Found the +27 heavy crossbow "Sniper" {heavy, Acc+∞ SInv}
 30423 | Slime:5  | Found a viscous altar of Jiyva.
 30426 | Slime:5  | Identified the +11 battleaxe of Itwiecs {heavy, rF+}
 30435 | Slime:5  | Identified the +11 great sword of Edakiac {antimagic, SInv}
 30447 | Slime:5  | Got a slimy rune of Zot
 30741 | Elf:1    | Entered Level 1 of the Elven Halls
 31567 | Elf:2    | Identified the +2 helmet "Qipted" {Will+}
 31874 | Elf:2    | Found a glacial archway.
 31882 | IceCv    | Entered an ice cave
 31897 | IceCv    | Learned a level 2 spell: Lesser Beckoning
 32059 | IceCv    | Reached XP level 20. HP: 178/178 MP: 21/21
 32101 | IceCv    | Found the +4 skin of Zhor {*Englaciate rC+++ SInv}
 32183 | IceCv    | Lost mutation: You have very sharp fingernails. [Jiyva's
                  | grace]
 32183 | IceCv    | Lost mutation: You have a pair of large horns on your head.
                  | [Jiyva's grace]
 32183 | IceCv    | Lost mutation: You are completely covered in iridescent
                  | scales. (AC +6) [Jiyva's grace]
 32183 | IceCv    | Lost mutation: You passively map the area around you.
                  | [Jiyva's grace]
 32183 | IceCv    | Lost mutation: You are robust. (+10% HP) [Jiyva's grace]
 32183 | IceCv    | Lost mutation: You expend magic power (3 MP) to strengthen
                  | your wands. [Jiyva's grace]
 32183 | IceCv    | Lost mutation: Your movements are significantly less
                  | encumbered by armour. (ER -6) [Jiyva's grace]
 32183 | IceCv    | Gained mutation: You are completely covered in iridescent
                  | scales. (AC +6) [Jiyva's grace]
 32183 | IceCv    | Gained mutation: Your mind is acute. (Int +4, Str/Dex -1)
                  | [Jiyva's grace]
 32183 | IceCv    | Gained mutation: Your mind is very acute. (Int +8, Str/Dex
                  | -2) [Jiyva's grace]
 32183 | IceCv    | Gained mutation: You have acidic saliva. [Jiyva's grace]
 32312 | IceCv    | Reached skill level 1 in Translocations
 32312 | IceCv    | Identified the +1 helmet "Syecs" {-Tele Harm Rampage rElec}
 32472 | Elf:2    | Found a runed translucent gate.
 32472 | Elf:2    | Found a runed translucent gate.
 32472 | Elf:2    | Found a runed translucent gate.
 33416 | Elf:3    | Entered Level 3 of the Elven Halls
 33697 | Elf:3    | Paralysed by an air elemental for 1 turns
 33908 | Elf:3    | Reached skill level 5 in Translocations
 33996 | Elf:3    | Lost mutation: You have a pair of horns on your head.
                  | [Jiyva's grace]
 33996 | Elf:3    | Lost mutation: You passively map a small area around you.
                  | [Jiyva's grace]
 33996 | Elf:3    | Lost mutation: Your movements are less encumbered by
                  | armour. (ER -4) [Jiyva's grace]
 33996 | Elf:3    | Gained mutation: Armour fits poorly on your pseudopods.
                  | [Jiyva's grace]
 33996 | Elf:3    | Gained mutation: Armour fits poorly on your large
                  | pseudopods. [Jiyva's grace]
 33996 | Elf:3    | Gained mutation: Armour fits poorly on your massive
                  | pseudopods. [Jiyva's grace]
 33996 | Elf:3    | Gained mutation: You have very sharp fingernails. [Jiyva's
                  | grace]
 34694 | Elf:3    | Identified the +10 hand axe of Destruction {heavy, rC+}
 34791 | Elf:3    | Identified the +3 ice dragon scales "Qavap" {rF- rC++ MP+9
                  | Dex+3 SInv}
 34809 | Elf:3    | Identified the ring "Puuz" {rCorr Int+4}
 34831 | Elf:3    | Reached XP level 21. HP: 168/168 MP: 22/22
 34833 | Elf:3    | Identified the +0 trident of the Candle {distort, rPois}
 34895 | Elf:3    | Identified the staff "Unliddi" {rC- Will+ Str+4 Conj}
 34912 | Elf:3    | Identified the staff of Broken Luck {Fly Conj}
 35365 | Depths:1 | Entered Level 1 of the Depths
 35381 | Depths:1 | Found Gakkaij's Armour Shop.
 35390 | Depths:1 | Bought the +7 chain mail of Experimentation {Str+4 Int+4
                  | Slay+3} for 1442 gold pieces
 35675 | Depths:1 | Found Irobiosi's Jewellery Shoppe.
 35706 | Depths:1 | You are sucked into a shaft and drop 1 floor!
 35741 | Depths:2 | Identified the +1 pair of boots of Eluedino {rF+ rC- MP+9}
 36116 | Depths:1 | Noticed a caustic shrike
 36116 | Depths:1 | Found a runed translucent door.
 36118 | Depths:1 | Noticed a golden dragon
 36238 | Depths:1 | Found Enooduu's Magic Scroll Shoppe.
 36293 | Depths:1 | Found a runed translucent door.
 36293 | Depths:1 | Noticed Macafuodgh's ghost (adept DECj)
 36298 | Depths:1 | Lost mutation: You have very sharp fingernails. [Jiyva's
                  | grace]
 36298 | Depths:1 | Lost mutation: Your natural rate of healing is unusually
                  | fast. [Jiyva's grace]
 36298 | Depths:1 | Lost mutation: Your body has grown eyes which may confuse
                  | attackers. (Acc +3) [Jiyva's grace]
 36298 | Depths:1 | Lost mutation: Armour fits poorly on your massive
                  | pseudopods. [Jiyva's grace]
 36298 | Depths:1 | Lost mutation: Your movements are slightly less encumbered
                  | by armour. (ER -2) [Jiyva's grace]
 36298 | Depths:1 | Gained mutation: Your melee attacks may engulf your foes in
                  | ooze. [Jiyva's grace]
 36298 | Depths:1 | Gained mutation: You have a somewhat thin skeletal
                  | structure. (Dex +2, Stealth+) [Jiyva's grace]
 36298 | Depths:1 | Gained mutation: You have a moderately thin skeletal
                  | structure. (Dex +4, Stealth++) [Jiyva's grace]
 36298 | Depths:1 | Gained mutation: You have an unnaturally thin skeletal
                  | structure. (Dex +6, Stealth+++) [Jiyva's grace]
 36306 | Depths:1 | Killed Macafuodgh's ghost
 36325 | Depths:1 | Identified the +0 hat "Hain" {rN++}
 36401 | Depths:1 | Found Vuba's Magic Scroll Boutique.
 36415 | Depths:1 | Found a radiant altar of Vehumet.
 36541 | Depths:1 | Killed a golden dragon
 36567 | Depths:1 | Killed a caustic shrike
 36583 | Depths:1 | Got the Quarto of the Barrage and Maleficia
 36638 | Depths:2 | Noticed Bai Suzhen
 36663 | Depths:2 | Killed Bai Suzhen
 36756 | Depths:2 | Noticed the Enchantress
 37012 | Depths:2 | Noticed Sojobo
 37028 | Depths:2 | Killed Sojobo
 37302 | Depths:2 | Killed the Enchantress
 37326 | Depths:2 | Reached XP level 22. HP: 176/176 MP: 23/23
 37554 | Depths:2 | Found a one-way gate leading to the halls of Pandemonium.
 38072 | Depths:3 | Found a transporter.
 38074 | Depths:3 | Found a viscous altar of Jiyva.
 38076 | Depths:3 | Found a transporter.
 38082 | Depths:3 | Identified the amulet of Dimeuth {RegenMP Fly rCorr Int+3
                  | Dex-2}
 38089 | Depths:3 | Identified the +7 rapier of Kinilopn {pain, Str+2}
 38128 | Depths:3 | Found Bytof's Jewellery Shop.
 38130 | Depths:3 | Found Otueduf's Armour Shop.
 38130 | Depths:3 | Found Ceahe's Magic Scroll Boutique.
 38135 | Depths:3 | Found Loazomm's Distillery.
 38141 | Depths:3 | Bought a potion of enlightenment for 80 gold pieces
 38224 | Depths:3 | Found a one-way gateway to a ziggurat.
 38511 | Depths:3 | Found a runed translucent gate.
 38511 | Depths:3 | Found a runed translucent gate.
 38511 | Depths:3 | Found an ancient bone altar of Kikubaaqudgha.
 38511 | Depths:3 | Found a runed translucent gate.
 38511 | Depths:3 | Noticed an ancient lich
 38511 | Depths:3 | Noticed Hauff's ghost (veteran GrEE)
 38512 | Depths:3 | Noticed an ancient lich
 38742 | D:5      | Bought a scroll of silence for 123 gold pieces
 39001 | Depths:3 | Killed Hauff's ghost
 39006 | Depths:3 | Killed an ancient lich
 39011 | Depths:3 | Killed an ancient lich
 39012 | Depths:3 | Reached skill level 10 in Translocations
 39026 | Depths:3 | Identified the ring "Poysoi Qani" {rPois Will+ Int+6}
 39041 | Depths:3 | Identified the +8 chain mail "Kagostrymm" {Str+2 Slay+3}
 39255 | Depths:4 | Entered Level 4 of the Depths
 39363 | Depths:4 | Found a gate to the Realm of Zot.
 39380 | Depths:4 | Noticed a golden dragon
 39401 | Depths:4 | Killed a golden dragon
 39485 | Depths:4 | Lost mutation: You have a pair of small horns on your head.
                  | [Jiyva's grace]
 39485 | Depths:4 | Lost mutation: Your mind is very acute. (Int +8, Str/Dex
                  | -2) [Jiyva's grace]
 39485 | Depths:4 | Lost mutation: Your system is resistant to poisons. (rPois)
                  | [Jiyva's grace]
 39485 | Depths:4 | Lost mutation: Armour fits poorly on your large pseudopods.
                  | [Jiyva's grace]
 39485 | Depths:4 | Gained mutation: You have a small jelly attached to you
                  | that senses nearby items. [Jiyva's grace]
 39485 | Depths:4 | Gained mutation: You have sharp toenails. [Jiyva's grace]
 39485 | Depths:4 | Gained mutation: You have razor-sharp toenails. [Jiyva's
                  | grace]
 39485 | Depths:4 | Gained mutation: You have claws for feet. [Jiyva's grace]
 39853 | Depths:4 | Found a transporter.
 39859 | Depths:4 | Found a transporter.
 39916 | Depths:4 | Found a transporter.
 40030 | Depths:4 | Noticed a caustic shrike
 40035 | Depths:4 | Noticed a caustic shrike
 40038 | Depths:4 | Noticed a caustic shrike
 40046 | Depths:4 | Killed a caustic shrike
 40050 | Depths:4 | Noticed a caustic shrike
 40052 | Depths:4 | Killed a caustic shrike
 40062 | Depths:4 | Killed a caustic shrike
 40079 | Depths:4 | Killed a caustic shrike
 40085 | Depths:4 | Noticed a juggernaut
 40107 | Depths:4 | Killed a juggernaut
 40115 | Depths:4 | Noticed a caustic shrike
 40123 | Depths:4 | Killed a caustic shrike
 40142 | Depths:4 | Found a transporter.
 40413 | Zot:1    | Entered Level 1 of the Realm of Zot
 40449 | Zot:1    | Noticed a golden dragon
 40490 | Zot:1    | Killed a golden dragon
 40519 | Zot:1    | Reached XP level 23. HP: 105/182 MP: 24/24
 41650 | Depths:1 | Bought 2 scrolls of enchant weapon for 345 gold pieces
 41899 | Zot:2    | Found a transporter.
 41970 | Zot:2    | Noticed a golden dragon
 42180 | Zot:2    | Killed a golden dragon
 42311 | Zot:2    | Lost mutation: You have claws for feet. [Jiyva's grace]
 42311 | Zot:2    | Lost mutation: You are completely covered in iridescent
                  | scales. (AC +6) [Jiyva's grace]
 42311 | Zot:2    | Lost mutation: You are mostly covered in iridescent scales.
                  | (AC +4) [Jiyva's grace]
 42311 | Zot:2    | Lost mutation: You are covered in slimy tendrils that may
                  | disarm your opponents. [Jiyva's grace]
 42311 | Zot:2    | Gained mutation: You are agile. (Dex +4, Str/Int -1)
                  | [Jiyva's grace]
 42311 | Zot:2    | Gained mutation: You are very agile. (Dex +8, Str/Int -2)
                  | [Jiyva's grace]
 42311 | Zot:2    | Gained mutation: Your pliable body absorbs attacks. (AC +2,
                  | EV +2) [Jiyva's grace]
 42311 | Zot:2    | Gained mutation: Your gelatinous body deflects attacks. (AC
                  | +3, EV +3) [Jiyva's grace]
 42570 | Zot:2    | Found a transporter.
 42855 | Zot:2    | Noticed a golden dragon
 43166 | Zot:2    | Identified the amulet of Vehumet's Inspiration {Acrobat
                  | Will+ Int+2}
 43176 | Zot:2    | Identified the amulet of Leputimn {Spirit +Blink rPois
                  | Dex+2}
 43228 | Zot:3    | Noticed a golden dragon
 43243 | Zot:3    | Noticed a golden dragon
 43255 | Zot:3    | Killed a golden dragon
 43271 | Zot:3    | Killed a golden dragon
 43497 | Zot:3    | Noticed a golden dragon
 43504 | Zot:3    | Killed a golden dragon
 43543 | Zot:3    | Noticed Parghit
 43581 | Zot:3    | Killed Parghit
 43636 | Zot:3    | Noticed a golden dragon
 43657 | Zot:3    | Killed a golden dragon
 44676 | Zot:4    | Noticed a curse toe
 44704 | Zot:4    | Reached XP level 24. HP: 191/193 MP: 24/24
 44731 | Zot:4    | Killed a curse toe
 44823 | Zot:4    | Reached skill level 15 in Armour
 44827 | Zot:4    | Noticed a curse toe
 44859 | Zot:4    | Killed a curse toe
 45147 | Zot:4    | Lost mutation: You have razor-sharp toenails. [Jiyva's
                  | grace]
 45147 | Zot:4    | Lost mutation: You have sharp toenails. [Jiyva's grace]
 45147 | Zot:4    | Lost mutation: You have an unnaturally thin skeletal
                  | structure. (Dex +6, Stealth+++) [Jiyva's grace]
 45147 | Zot:4    | Lost mutation: You are very agile. (Dex +8, Str/Int -2)
                  | [Jiyva's grace]
 45147 | Zot:4    | Lost mutation: You have acidic saliva. [Jiyva's grace]
 45147 | Zot:4    | Gained mutation: You passively map a small area around you.
                  | [Jiyva's grace]
 45147 | Zot:4    | Gained mutation: You passively map the area around you.
                  | [Jiyva's grace]
 45147 | Zot:4    | Gained mutation: You passively map a large area around you.
                  | [Jiyva's grace]
 45147 | Zot:4    | Gained mutation: You have large cloven feet. [Jiyva's
                  | grace]
 45249 | Zot:5    | Entered Level 5 of the Realm of Zot
 46066 | Depths:1 | Bought a scroll of noise for 19 gold pieces
 46452 | Zot:5    | Noticed a dread lich
 46477 | Zot:5    | Killed a dread lich
 46517 | Zot:5    | Noticed an orb of fire
 46540 | Zot:5    | Killed an orb of fire
 46858 | Zot:5    | Noticed an orb of fire
 46887 | Zot:5    | Killed an orb of fire
 46955 | Zot:5    | Noticed a Killer Klown
 46976 | Zot:5    | Noticed a Killer Klown
 46987 | Zot:5    | Killed a Killer Klown
 47000 | Zot:5    | Killed a Killer Klown
 47090 | Zot:5    | Noticed an orb of fire
 47123 | Zot:5    | Killed an orb of fire
 47126 | Zot:5    | Noticed an orb of fire
 47129 | Zot:5    | Gained mutation: You are frail. (-10% HP) [an orb of fire]
 47132 | Zot:5    | Gained mutation: You are vulnerable to heat. (rF-) [an orb
                  | of fire]
 47157 | Zot:5    | Killed an orb of fire
 47382 | Zot:5    | Noticed an orb of fire
 47408 | Zot:5    | Killed an orb of fire
 47413 | Zot:5    | Reached XP level 25. HP: 190/190 MP: 24/24
 47542 | Zot:5    | Noticed a Killer Klown
 47544 | Zot:5    | Noticed a Killer Klown
 47564 | Zot:5    | Slimified a Killer Klown
 47564 | Zot:5    | a Killer Klown changed into an azure jelly
 47585 | Zot:5    | Killed a Killer Klown
 47614 | Zot:5    | Noticed an orb of fire
 47638 | Zot:5    | Killed an orb of fire
 47701 | Zot:5    | Noticed an orb of fire
 47733 | Zot:5    | Killed an orb of fire
 48245 | Zot:5    | Got the Orb of Zot
 48505 | D:14     | Noticed Buiviam the pandemonium lord
 48737 | D:2      | Gained mutation: You are very frail. (-20% HP) [a
                  | cacodemon]
 48761 | D:$      | Escaped with the Orb!

Illustrated notes

Levels and vault maps discovered:
D:1:      roderic_crossed_star, layout_rooms,
          ebering_ecumenical_altar_abandoned, serial_shops, shop
D:2:      layout_basic, chequers_serial_rivers_micro_b, minmay_joined_circles
D:3:      layout_loops_ring, grunt_decor_clamped
D:4:      layout_loops_cross, nicolae_uskayaw_dance_hall,
          gammafunk_ghost_abyssal_escape,
          mainiacjoe_sewer_entry_somewhere_in_here_1, dk_noncrumbling_2
D:5:      wad_lake_hut, layout_basic, mainiacjoe_overflow_six_doors_small,
          serial_shops, nicolae_stop_n_shop_2
D:6:      layout_basic, minmay_temple_entry_tees, serial_glass, glass_columns_c,
          glass_columns_a, feat_on_display, minmay_mini_ossuary
D:7:      layout_gridville
D:8:      layout_rooms, gammafunk_ghost_split
D:9:      layout_loops_ring, mainiacjoe_overflow_small_starburst,
          erik_lair_island, uniq_psyche, uniq_maurice, uniq_grum
D:10:     layout_loops_ring, nzn_wu_jian_council_hall
D:11:     layout_irregular_city, orc_david_3, serial_rivers,
          chequers_serial_rivers_micro_a, chequers_serial_rivers_large_b,
          chequers_serial_rivers_marsh, chequers_serial_rivers_room_a,
          chequers_serial_rivers_room_b, nicolae_have_a_lightning_rod
D:12:     layout_loops_ring
D:13:     layout_layer_cave, serial_bayou_crossing, uniq_erolcha, uniq_azrael,
          uniq_snorg
D:14:     layout_loops_ring, david_vaults_5, minmay_misc_feat_columns
D:15:     hangedman_depths_entry_try_elsewhere_first, layout_long_grid,
          gauntlet_entry_generic, nicolae_qazlal_scattered_showers
Temple:   mainiacjoe_temple_bowtie_tessellation
Lair:1:   layout_misc_corridors, grunt_forest_large_clearings
Lair:2:   layout_regular_city, mainiacjoe_shoals_entry_four_pools,
          minmay_snake_entry_guardpost_medium, basic_altar, ebering_ghost_xom,
          serial_bayou_lagoon_a, eino_small_chamber_without_monster,
          lemuel_oklob_altar
Lair:3:   layout_cave_pods, serial_bayou_shore_b, lemuel_fruit_tree,
          grunt_megastairs_3
Lair:4:   layout_regular_city, uniq_nessos
Lair:5:   evil_forest, layout_gridlike, slime_entry_1, bobbens_dragon_lair_wall,
          infiniplex_staircase_pool_2
Shoals:1: layout_shoals, gammafunk_ghost_necromancy, argonaut_gorgonesque
Shoals:2: layout_shoals, uniq_nikola
Shoals:3: cheibrodos_shoals_satyrical_garden, layout_shoals, serial_shops,
          nicolae_take_the_stairs, nicolae_shoals_former_cling_halls
Shoals:4: shoals_end_grunt_ice, layout_shoals
Snake:1:  layout_onion, gammafunk_ghost_split, drop_trap, uniq_agnes,
          uniq_louise
Snake:2:  layout_layer_cave, nrook_loot_triangle, drop_trap
Snake:3:  layout_layer_cave, drop_trap, serial_bayou_shore_b, grunt_megastairs_1
Snake:4:  minmay_snake_end_coiled, layout_rooms, serial_shops, shop,
          serial_nicolae_subway, nicolae_sub_station_crystal,
          nicolae_sub_station_metal, nicolae_sub_station_stone
Slime:1:  layout_caves, cheibrodos_slime_lost_civilization_5
Slime:2:  layout_caves, dissolution_awaits
Slime:3:  layout_caves
Slime:4:  layout_caves, nicolae_slime_getting_an_eyeful
Slime:5:  slime_pit_nicolae_jellycorners
Orc:1:    layout_caves, elf_legates
Orc:2:    pubby_orc_utopia, serial_shops
Elf:1:    elf_arrival_001, layout_rooms, hangedman_elven_crosses_minicolossus
Elf:2:    elven_hall_of_blades_hangedman_original
          [nicolae_blade_entry_crossed_weapons], layout_loops_corners,
          portal_ice_cave_entry_dragon
Elf:3:    minmay_elf_hall_x, layout_loops_corners, grunt_ministairs_10,
          minmay_misc_feat_diagonals
Depths:1: minmay_gate_of_8, layout_cave_pools, serial_shops, shop,
          nicolae_shop_real_fake_doors, nicolae_shop_rolled_up,
          nicolae_lakefront_shop, hellmonk_ghost_big_iron,
          nicolae_vehumet_radiance, grunt_mini_vestibule
Depths:2: grunt_twist_and_shout, layout_honeycomb, pan_entry, hell_entry,
          uniq_sojobo, uniq_bai_suzhen, uniq_enchantress
Depths:3: gammafunk_jiyva_shrine, layout_gridville, enter_ziggurat_c,
          gammafunk_ghost_crypt, grunt_hell_entry_dis_grunt, abyss_entry,
          minmay_shoptagon
Depths:4: grunt_zot_entry_bicorn, layout_gridlike, hell_entry,
          minmay_stone_trees_small, nicolae_transporter_intersection
Zot:1:    nicolae_moth_party, layout_twisted_circle, hangedman_zot_wheel_spokes
Zot:2:    gammafunk_its_a_trap, layout_misc_corridors,
          regret_index_zotdec_under_construction
Zot:3:    layout_gridlike, regret_index_zotdec_iron_s, uniq_parghit
Zot:4:    layout_misc_corridors, regret_index_zotdec_demonic_mixed,
          grunt_ministairs_9
Zot:5:    layout_basic, regret_index_zotdec_slimy_original, grunt_ministairs_6

Skill      XL: |  1  2  3  4  5  6  7  8  9 10 11 12 13 14 15 16 17 18 19 20 21 22 23 24 |
---------------+-------------------------------------------------------------------------+-----
Stealth        | 1 2 4 5 7 8 9 10 | 10.0
Dodging        | 1 5 6 7 8 10 12 13 14 | 14.2
Armour         | 2 3 6 7 8 10 12 13 14 15 | 15.0
Throwing       | 1 2 5 7 8 9 10 11 13 15 | 15.0
Short Blades   | 1 2 4 5 10 14 | 14.0
Hexes          | 1 2 |  2.3
Shields        | 1 4 5 8 9 11 14 15 16 17 20 | 20.9
Fighting       | 5 7 8 9 10 11 13 15 16 20 | 20.9
Evocations     | 2 4 5 6 7 9 10 12 13 14 | 14.1
Translocations | 6 11 | 11.5
Polearms       | |  3.0
Spellcasting   | |  1.0
Fire Magic     | |  3.0

Action                     |  1- 3 |  4- 6 |  7- 9 | 10-12 | 13-15 | 16-18 | 19-21 | 22-24 | 25-27 || total
---------------------------+-------+-------+-------+-------+-------+-------+-------+-------+-------++-------
  Melee: Spear             |   113 |    52 |       |       |       |       |       |       |       ||   165
         Short sword       |       |    94 |   363 |   606 |  1107 |  1914 |  1888 |   380 |       ||  6352
         Punch             |       |     1 |       |       |       |       |       |       |       ||     1
         Kick              |       |       |    34 |   216 |   142 |       |       |   273 |       ||   665
         Bite              |       |       |    15 |    79 |   121 |   153 |   195 |   279 |       ||   842
         Headbutt          |       |       |       |   106 |   340 |   633 |   650 |   136 |       ||  1865
         Pseudopods        |       |       |       |       |    29 |       |   230 |   800 |    74 ||  1133
         Rapier            |       |       |       |       |       |       |       |  1538 |   184 ||  1722
   Fire: Sling             |     5 |       |       |    43 |       |       |       |       |       ||    48
  Throw: Dart              |       |     2 |       |    13 |     4 |     4 |       |       |       ||    23
         Boomerang         |       |       |       |    17 |     6 |    16 |   109 |   161 |    33 ||   342
         Throwing net      |       |       |       |     1 |       |       |       |       |       ||     1
         Javelin           |       |       |       |       |       |    13 |    29 |    46 |     1 ||    89
   Cast: Scorch            |       |     6 |       |       |       |       |       |       |       ||     6
         Lesser Beckoning  |       |       |       |       |       |       |     6 |    16 |     1 ||    23
 Invoke: Fiery Armour      |     2 |     3 |       |       |       |       |       |       |       ||     5
         Foxfire Swarm     |       |     1 |       |       |       |       |       |       |       ||     1
         Rising Flame      |       |     1 |       |       |       |       |       |       |       ||     1
         Oozemancy         |       |       |     3 |     3 |     7 |    11 |     4 |       |     1 ||    29
         Slimify           |       |       |       |       |       |       |       |       |     1 ||     1
  Evoke: Wand              |       |       |     3 |     5 |     5 |     9 |    10 |    26 |     3 ||    61
         Lightning rod     |       |       |       |       |    11 |    12 |    20 |     8 |     3 ||    54
         Condenser vane    |       |       |       |       |       |     6 |     3 |       |       ||     9
         Phantom mirror    |       |       |       |       |       |     1 |     1 |     2 |       ||     4
         Phial of floods   |       |       |       |       |       |       |     3 |     1 |       ||     4
    Use: Scroll            |       |     4 |     2 |       |    10 |    12 |    14 |    15 |     1 ||    58
         Potion            |       |       |     1 |       |     9 |     4 |     3 |     6 |     4 ||    27
   Stab: Sleeping          |     2 |       |       |       |    15 |       |     6 |     4 |       ||    27
         Held in net/web   |       |       |       |     1 |       |       |       |       |       ||     1
         Confused          |       |       |       |    11 |    32 |    60 |    11 |       |       ||   114
         Distracted        |       |       |       |       |     1 |       |     2 |     7 |       ||    10
         Fleeing           |       |       |       |       |     1 |       |       |       |       ||     1
         Petrified         |       |       |       |       |       |     3 |       |       |       ||     3
         Invisible         |       |       |       |       |       |     2 |       |       |       ||     2
 Armour: Robe              |    24 |       |       |       |       |       |       |       |       ||    24
         Chain mail        |    11 |       |       |       |    24 |   395 |   343 |   293 |       ||  1066
         Skin              |     2 |       |       |       |       |       |     5 |       |       ||     7
         Ring mail         |    10 |    49 |   135 |   144 |   167 |       |       |       |       ||   505
         Plate armour      |       |       |       |       |       |       |   260 |       |       ||   260
         Gold dragon scale |       |       |       |       |       |       |       |   240 |    40 ||   280
  Dodge: Dodged            |    52 |    47 |    45 |    91 |   168 |   277 |   322 |   285 |    18 ||  1305
  Block: Tower shield      |       |    66 |   377 |   609 |   995 |  1802 |  1634 |  1337 |    71 ||  6891

Table legend: (Time is in decaauts)
 A = Elapsed time spent in this place.
 B = Non-inter-level travel time spent in this place.
 C = Inter-level travel time spent in this place.
 D = Time resting spent in this place.
 E = Time spent auto-exploring this place.
 F = Levels seen in this place.
 G = Mean time per level.
                   A        B        C        D        E       F      G
               +--------+--------+--------+--------+--------+-----+--------+
         Total |  45630 |  40352 |   5278 |   2381 |  19743 |  51 |  894.7 |
       Dungeon |  12308 |  10715 |   1593 |    563 |   5789 |  15 |  820.5 |
        Temple |      1 |      1 |      0 |      0 |      0 |   1 |    1.0 |
          Lair |   5509 |   4834 |    675 |     71 |   3259 |   5 | 1101.8 |
        Shoals |   4108 |   3907 |    201 |    327 |   1738 |   4 | 1027.0 |
     Snake Pit |   4902 |   4581 |    321 |    174 |   2264 |   4 | 1225.5 |
    Slime Pits |    346 |    269 |     77 |      0 |    184 |   5 |   69.2 |
  Orcish Mines |   2305 |   1911 |    394 |      0 |    768 |   2 | 1152.5 |
   Elven Halls |   3654 |   3291 |    363 |    106 |   1361 |   3 | 1218.0 |
        Depths |   4698 |   3831 |    867 |    153 |   1926 |   4 | 1174.5 |
           Zot |   6674 |   5889 |    785 |    880 |   2153 |   5 | 1334.8 |
         Sewer |    283 |    283 |      0 |      5 |    121 |   1 |  283.0 |
      Ice Cave |    442 |    442 |      0 |    100 |     34 |   1 |  442.0 |
      Gauntlet |    393 |    393 |      0 |      0 |    145 |   1 |  393.0 |
               +--------+--------+--------+--------+--------+-----+--------+

Top non-repeatable levels by time:
   Zot:5: 2303 daAuts
   Orc:2: 1860 daAuts
 Snake:3: 1621 daAuts
   Elf:3: 1558 daAuts
Depths:1: 1357 daAuts
  Lair:2: 1346 daAuts
   Zot:1: 1306 daAuts
  Lair:5: 1301 daAuts
   Elf:2: 1300 daAuts
Depths:2: 1267 daAuts
Shoals:4: 1257 daAuts
 Snake:2: 1255 daAuts
 Snake:4: 1214 daAuts
    D:11: 1206 daAuts
    D:13: 1194 daAuts
